Map: 2000 Atmospheres LE

Players

ArT

  • Race: Protoss Protoss

TLHarstem (Harstem) - Winner!

  • Race: Protoss Protoss
  • League: Master

Event: DreamHack SC2 Masters 2021 Summer

VOD

Have the link to the VOD?

Description

Time

  • Played on: May 28, 2021, 10:13 a.m.
  • Length: 10:12

All games in this series

Show
View Real Time Build Order
Export as new Build Order

ArT Protoss 

Build Orders: Phoenix Opening, Blink Stalkers 

Get SALT Encoding   

  12  0:00  Probe  
  13  0:12  Probe  
  14  0:20  Pylon  
  14  0:25  Probe  
  15  0:38  Probe (Chrono Boost)  
  15  0:40  Gateway  
  16  0:47  Probe (Chrono Boost)  
  16  0:48  Assimilator  
  17  0:53  Probe  
  17  0:56  Assimilator  
  18  1:05  Probe (Chrono Boost)  
  18  1:11  Gateway  
  19  1:14  Probe (Chrono Boost)  
  20  1:19  Probe (Chrono Boost)  
  21  1:27  Cybernetics Core  
  21  1:31  Probe  
  22  1:36  Pylon  
  22  1:43  Probe  
  23  1:55  Probe  
  24  2:01  Warp Gate (Chrono Boost)  
  29  2:20  Nexus  
  26  2:22  Sentry  
  26  2:25  Stalker  
  28  2:34  Pylon  
  28  2:40  Probe  
  28  2:50  Stalker  
  30  2:55  Stalker, Probe  
  33  2:59  Phoenix  
  33  3:02  Shield Battery  
  33  3:07  Probe  
  34  3:17  Twilight Council  
  34  3:20  Sentry  
  34  3:21  Probe  
  37  3:33  Probe x2 (Chrono Boost)  
  39  3:47  Probe x2 (Chrono Boost)  
  39  3:48  Blink (Chrono Boost)  
  41  3:54  Probe (Chrono Boost)  
  42  3:58  Probe  
  42  3:59  Stalker x2  
  47  4:07  Probe  
  47  4:09  Pylon  
  48  4:11  Probe  
  49  4:19  Probe  
  49  4:23  Probe  
  51  4:25  Stalker  
  51  4:29  Pylon  
  51  4:31  Stalker  
  55  4:32  Probe  
  55  4:35  Gateway  
  55  4:37  Probe  
  57  4:44  Pylon  
  57  4:48  Assimilator, Probe  
  57  4:49  Phoenix  
  57  4:50  Probe  
  59  4:55  Stalker x2  
  63  5:01  Robotics Facility  
  63  5:04  Probe  
  64  5:14  Pylon  
  64  5:17  Probe  
  65  5:22  Stalker x2  
  65  5:26  Probe  
  70  5:30  Charge (Chrono Boost)  
  70  5:31  Stalker  
  72  5:35  Pylon  
  72  5:51  Phoenix  
  72  5:55  Stalker x3  
  76  5:58  Nexus  
  76  5:59  Observer  
  77  6:04  Probe  
  77  6:06  Probe  
  77  6:07  Forge  
  77  6:10  Pylon  
  79  6:24  Stalker x3  
  85  6:30  Gateway x2  
  85  6:35  Gateway  
  85  6:36  Protoss Ground Weapons Level 1 (Chrono Boost)  
  85  6:37  Probe x2  
  87  6:46  Phoenix  
  87  6:49  Probe x2  
  87  6:52  Immortal (Chrono Boost)  
  93  7:01  Gateway  
  93  7:03  Probe  
  93  7:04  Probe, Shield Battery  
  93  7:08  Shield Battery  
  95  7:14  Probe  
  96  7:16  Gateway, Probe  
  96  7:22  Pylon  
  97  7:23  Probe  
  97  7:29  Templar Archives  
  98  7:36  Observer  
  98  7:37  Zealot x5  
  98  7:42  Pylon  
  108  7:51  Pylon  
  108  7:53  Pylon  
  108  7:56  Assimilator  
  108  7:58  Warp Prism (Chrono Boost)  
  108  8:03  Pylon  
  110  8:06  Photon Cannon  
  110  8:07  Photon Cannon  
  110  8:09  High Templar x2  
  110  8:11  Observer  
  114  8:13  Pylon  
  114  8:14  Zealot x2, Archon  
  118  8:22  High Templar x2  
  118  8:23  Zealot x2  
  126  8:27  Archon  
  126  8:34  Observer  
  127  8:36  Zealot x2  
  131  8:42  Pylon  
  131  8:51  Nexus  
  131  8:55  Zealot x5  
  135  8:59  Zealot  
  135  9:02  Zealot  
  142  9:10  Zealot  
  130  9:18  Stalker x3  
  108  9:32  Zealot x5  
  82  9:47  Stalker x3  
  68  9:56  Probe  
  68  9:57  Probe  
  68  10:02  Stalker x3  
  68  10:03  Stalker x2  
Show
View Real Time Build Order
Export as new Build Order

TLHarstem Protoss - Winner!

Build Orders: Phoenix Opening 

Get SALT Encoding   

  12  0:00  Probe  
  13  0:12  Probe  
  14  0:17  Pylon  
  14  0:24  Probe (Chrono Boost)  
  15  0:36  Probe (Chrono Boost)  
  15  0:37  Gateway  
  16  0:45  Probe (Chrono Boost)  
  17  0:50  Assimilator  
  17  0:51  Probe  
  18  0:57  Assimilator  
  18  1:03  Probe (Chrono Boost)  
  19  1:08  Gateway  
  19  1:12  Probe (Chrono Boost)  
  19  1:17  Probe (Chrono Boost)  
  20  1:25  Cybernetics Core  
  21  1:29  Probe  
  22  1:36  Pylon  
  22  1:41  Probe  
  23  1:54  Probe  
  24  2:00  Warp Gate (Chrono Boost)  
  24  2:03  Stalker x2  
  28  2:10  Probe  
  28  2:14  Pylon  
  29  2:27  Shield Battery  
  29  2:33  Sentry  
  31  2:39  Nexus  
  31  2:43  Sentry  
  33  2:48  Probe  
  34  2:52  Shield Battery  
  34  3:01  Pylon, Sentry  
  34  3:04  Probe  
  37  3:06  Phoenix  
  37  3:16  Probe  
  38  3:20  Twilight Council  
  38  3:28  Probe  
  39  3:36  Phoenix  
  39  3:41  Probe (Chrono Boost)  
  40  3:44  Forge  
  40  3:52  Probe (Chrono Boost)  
  40  3:55  Probe (Chrono Boost)  
  42  4:01  Probe (Chrono Boost)  
  42  4:02  Blink (Chrono Boost), Probe (Chrono Boost)  
  44  4:07  Probe x2 (Chrono Boost)  
  46  4:16  Phoenix  
  46  4:18  Stalker x2  
  46  4:19  Protoss Ground Weapons Level 1 (Chrono Boost), Probe x2  
  52  4:31  Probe x2  
  54  4:39  Nexus  
  54  4:43  Probe  
  54  4:44  Probe  
  56  4:48  Robotics Facility  
  56  4:51  Pylon  
  56  4:55  Probe  
  56  4:58  Probe, Phoenix  
  58  5:00  Pylon  
  58  5:05  Stalker x2  
  62  5:08  Assimilator  
  62  5:09  Probe  
  63  5:15  Gateway  
  63  5:18  Pylon  
  63  5:21  Probe  
  63  5:23  Gateway  
  63  5:27  Probe  
  65  5:31  Pylon  
  65  5:32  Stalker x2  
  65  5:34  Probe  
  70  5:36  Pylon  
  70  5:39  Probe  
  72  5:43  Pylon  
  72  5:47  Assimilator  
  72  5:49  Probe  
  73  5:53  Probe  
  70  6:01  Probe  
  70  6:03  Pylon  
  69  6:05  Pylon  
  69  6:06  Probe  
  69  6:07  Shield Battery  
  69  6:10  Pylon  
  69  6:11  Observer  
  70  6:13  Probe  
  70  6:14  Stalker  
  70  6:15  Gateway  
  70  6:16  Protoss Ground Weapons Level 2 (Chrono Boost)  
  73  6:21  Stalker  
  75  6:29  Stalker x2  
  78  6:38  Stalker, Pylon  
  80  6:40  Phoenix  
  80  6:45  Stalker, Immortal (Chrono Boost)  
  82  6:51  Charge  
  82  6:53  Stalker  
  88  6:59  Stalker  
  90  7:06  Nexus  
  90  7:07  Pylon  
  90  7:12  Robotics Bay  
  90  7:13  Stalker  
  90  7:14  Probe  
  93  7:20  Stalker  
  93  7:21  Probe  
  96  7:26  Probe  
  97  7:31  Stalker x2  
  97  7:33  Probe  
  97  7:34  Shield Battery  
  102  7:39  Stalker  
  102  7:41  Probe  
  102  7:43  Pylon  
  105  8:00  Disruptor (Chrono Boost)  
  105  8:01  Stalker x2  
  105  8:04  Photon Cannon x2  
  112  8:07  Stalker  
  112  8:10  Shield Battery  
  114  8:15  Probe  
  114  8:17  Probe  
  114  8:19  Probe  
  117  8:32  Disruptor (Chrono Boost)  
  120  8:35  Stalker x4  
  120  8:37  Probe  
  120  8:40  Assimilator  
  129  8:44  Pylon  
  129  8:46  Probe  
  129  8:56  Photon Cannon  
  129  8:58  Zealot x3  
  129  9:01  Disruptor  
  134  9:18  Zealot x4  
  108  9:39  Stalker x2  
  108  9:40  Stalker x3  
  108  9:43  Probe  
  110  9:48  Probe  
  110  9:50  Probe  
  113  10:03  Stalker x4, Nexus  
  113  10:06  Stalker  
Tags
 
Add a new tag
Caveats
  • Supply blocks, unpowered buildings, or Contaminate may cause inaccurate times.
  • Supply counts are checked every 10 seconds.